 Dungeon Crawl Stone Soup version 0.22-a0-110-g5b255cf (webtiles) character file.

7173 barakagiga2 the Grappler (level 10, -2/79 HPs)
             Began as a Demonspawn Wanderer on Jan 27, 2018.
             Slain by a wolf (4 damage)
             ... on level 10 of the Dungeon.
             The game lasted 00:29:21 (13626 turns).

barakagiga2 the Grappler (Demonspawn Wanderer)     Turns: 13626, Time: 00:29:22

Health: -2/79      AC: 12    Str: 15    XL:     10   Next: 86%
Magic:  15/15      EV: 13    Int: 15    God:
Gold:   525        SH:  0    Dex: 12    Spells: 12/16 levels left

rFire    . . .     SeeInvis .     - Unarmed
rCold    . . .     Gourm    .   (no shield)
rNeg     + . .     Faith    .   a - +3 scale mail
rPois    .         Spirit   .   (helmet restricted)
rElec    .         Reflect  .   (no cloak)
rCorr    .         Harm     .   p - +0 pair of gloves
MR       .....                  (no boots)
Stlth    ..........             E - amulet of magic regeneration
HPRegen  0.23/turn              u - ring of positive energy
MPRegen  0.39/turn              (no ring)

@: about to teleport
A: horns 1, demonic guardian 1, powered by pain 1, sturdy frame 3
a: no special abilities


You were on level 10 of the Dungeon.
You were not hungry.

You visited 3 branches of the dungeon, and saw 12 of its levels.

You collected 525 gold pieces.

Inventory:

Hand Weapons
 c - a +0 dagger
 k - a +0 dagger of venom
Armour
 a - a +3 scale mail (worn)
 p - a +0 pair of gloves (worn)
Jewellery
 u - a ring of positive energy (left hand)
 E - an amulet of magic regeneration (around neck)
Wands
 f - a wand of polymorph (14)
 q - a wand of iceblast (23)
 s - a wand of random effects (35)
 y - a wand of flame (22)
Scrolls
 e - 2 scrolls of remove curse
 g - a scroll of noise
 h - 5 scrolls of teleportation
 i - a scroll of amnesia {unknown}
 j - a scroll of blinking {unknown}
 n - a scroll of silence {unknown}
 r - 4 scrolls of identify
 t - 2 scrolls of magic mapping
 v - 2 scrolls of immolation {unknown}
 F - 2 scrolls of fear {unknown}
Potions
 b - 5 potions of lignification
 l - 4 potions of curing
 o - a potion of berserk rage
 x - 8 potions of degeneration {unknown}
 z - a potion of mutation {unknown}
 A - a potion of ambrosia {unknown}
 B - 2 potions of brilliance {unknown}
 C - 2 potions of haste {unknown}
Books
 m - a book of Conjurations

   Spells                             Type                      Level
   a - Magic Dart                     Conjuration                  1
   b - Searing Ray                    Conjuration                  2
   c - Dazzling Spray                 Conjuration/Hexes            3
   d - Fulminant Prism                Conjuration/Hexes            4
   e - Force Lance                    Conjuration/Translocation    4
   f - Iskenderun's Mystic Blast      Conjuration                  4
 w - a book of Minor Magic

   Spells                             Type                      Level
   a - Magic Dart                     Conjuration                  1
   b - Blink                          Translocation                2
   c - Call Imp                       Summoning                    2
   d - Slow                           Hexes                        2
   e - Conjure Flame                  Conjuration/Fire             3
   f - Mephitic Cloud                 Conjuration/Poison/Air       3
Comestibles
 d - 22 rations


   Skills:
 + Level 7.3 Fighting
 - Level 0.3 Short Blades
   Level 1.0 Crossbows
 + Level 7.5 Armour
 + Level 5.0 Dodging
   Level 1.0 Shields
 + Level 8.5 Unarmed Combat
 * Level 3.6 Spellcasting
 * Level 6.5 Conjurations
 - Level 1.0 Evocations


You had 12 spell levels left.
You knew the following spells:

 Your Spells              Type           Power        Failure   Level  Hunger
a - Magic Dart            Conj           ###.         1%          1    None
b - Conjure Flame         Conj/Fire      ##......     17%         3    ###....


Dungeon Overview and Level Annotations

Branches:
Dungeon (10/15)            Temple (1/1) D:7            Lair (1/6) D:10
    Orc (0/2) D:9

Altars:
Ashenzari
Cheibriados
Dithmenos
Elyvilon
Fedhas
Gozag
Hepliaklqana
Kikubaaqudgha
Makhleb
Nemelex Xobeh
Okawaru
Qazlal
Ru
Sif Muna
Trog
Uskayaw
Vehumet
Wu Jian
Xom
Yredelemnul
Zin
The Shining One

Shops:
D:10 =

Annotations:
D:7 Tovarisch's ghost, novice DENe


Innate Abilities, Weirdness & Mutations

You have a pair of small horns on your head.
A weak demonic guardian rushes to your aid.
You sometimes gain a little power by taking damage.
Your movements are significantly less encumbered by armour. (ER -6)


Message History

* * * LOW HITPOINT WARNING * * *
Your shadow imp barely misses the wolf.
The wolf closely misses you.
There is a staircase back to the Dungeon here.
The wolf bites you but does no damage. The wolf misses you.
The wolf bites you but does no damage. The wolf barely misses you.
The wolf misses you. The wolf closely misses you.
The porcupine barely misses you.
Your shadow imp completely misses the wolf.
You climb upwards.
Welcome back to the Dungeon!
There is a staircase to the Lair here.
As you read the scroll of teleportation, it crumbles to dust.
You feel strangely unstable. The wolf closely misses you. The wolf bites you!
* * * LOW HITPOINT WARNING * * *
The wolf barely misses you.
The wolf bites you but does no damage. x2
The porcupine bites you but does no damage.
The wolf bites you but does no damage. The wolf bites you.
* * * LOW HITPOINT WARNING * * *
The wolf bites you.
You die...

...#.#.........###.......#
...#.#.........'...##....#
...#.'..........#######.##
######...........### ..#
####'####.....######
#..##.........##
##.##.......P...## ###
###.........h......##
..###..........h@h......#
###
..#.>.#.........hr......#
#..
..#.###...#...........#.#
#<. ..'.#
#...##.........##)#######..
..###
#...####.....####..[)().'..
### #..........###
#.########.. # ##.#########
#.# ##' # #....# #.# #. #
#####'## #.# ##


You could see 4 wolves and a porcupine.

Vanquished Creatures
  2 two-headed ogres
  Joseph (D:7)
  A gargoyle (D:10)
  A kobold demonologist (D:10)
  2 trolls (D:9)
  Grinder (D:5)
  A hippogriff (D:8)
  Grum (D:8)
  2 wargs (D:10)
  2 orc warriors
  A black bear (D:10)
  4 ice beasts
  A necrophage (D:8)
  2 sky beasts (D:10)
  3 wolves (D:8)
  4 ogres
  2 phantoms
  3 centaurs
  A big kobold (D:8)
  5 bullfrogs
  A gnoll sergeant (D:8)
  A water moccasin zombie (D:7)
  2 scorpions
  3 howler monkeys
  A bullfrog zombie (D:9)
  6 hounds
  2 jellies
  3 bullfrog skeletons
  2 gnoll shamans (D:8)
  A quasit (D:8)
  7 orc priests
  8 orc wizards
  2 centaur skeletons
  3 iguanas
  6 worker ants
  2 hound zombies
  A hound skeleton (D:5)
  7 adders
  16 gnolls
  A shadow imp (D:5)
  An adder zombie (D:8)
  4 worms
  2 dart slugs
  4 leopard geckos
  30 orcs
  11 bats
  6 giant cockroaches
  8 goblins
  6 hobgoblins
  8 jackals
  7 kobolds
  6 quokkas
  2 ball pythons
  4 frilled lizards
  A giant cockroach zombie (D:2)
  A jackal skeleton (D:7)
  A leopard gecko zombie (D:7)
  6 rats
223 creatures vanquished.

Vanquished Creatures (collateral kills)
  Sigmund (D:5)
  2 sky beasts
  A centaur (D:6)
  A bullfrog (D:7)
  A hound (D:9)
  An orc priest (D:6)
  An iguana (D:9)
  4 orcs
  A bat (D:3)
  A jackal skeleton (D:7)
  A leopard gecko zombie (D:5)
15 creatures vanquished.

Vanquished Creatures (others)
  An orc wizard (D:8)
1 creature vanquished.

Grand Total: 239 creatures vanquished

Notes
Turn   | Place    | Note
-------+----------+-------------------------------------------
     0 | D:1      | barakagiga2 the Demonspawn Wanderer began the quest for the Orb.
     0 | D:1      | barakagiga2 set off with: a +2 scale mail, 2 potions of lignification, a +0 dagger, a ration
     0 | D:1      | Reached XP level 1. HP: 18/18 MP: 1/1
   206 | D:1      | Reached skill level 3 in Unarmed Combat
   206 | D:1      | Gained mutation: A weak demonic guardian rushes to your aid. [demonic ancestry]
   206 | D:1      | Reached XP level 2. HP: 21/24 MP: 2/2
   760 | D:2      | Reached XP level 3. HP: 14/29 MP: 3/3
   955 | D:2      | Reached XP level 4. HP: 18/35 MP: 4/4
  1405 | D:2      | Reached skill level 4 in Unarmed Combat
  1795 | D:3      | Gained mutation: You have a pair of small horns on your head. [demonic ancestry]
  1795 | D:3      | Reached XP level 5. HP: 30/41 MP: 5/5
  2166 | D:3      | Found a shattered altar of Ashenzari.
  2166 | D:3      | Found a shadowy altar of Dithmenos.
  2311 | D:3      | Found an ornate altar of the Wu Jian Council.
  2547 | D:3      | Found a deep blue altar of Sif Muna.
  2679 | D:4      | Gained mutation: Your movements are slightly less encumbered by armour. (ER -2) [demonic ancestry]
  2679 | D:4      | Reached XP level 6. HP: 47/48 MP: 6/6
  3133 | D:4      | Reached skill level 5 in Unarmed Combat
  4014 | D:5      | Entered Level 5 of the Dungeon
  4325 | D:5      | Found a bloodstained altar of Trog.
  4377 | D:5      | Noticed an ice beast
  4391 | D:5      | Killed an ice beast
  4391 | D:5      | Gained mutation: Your movements are less encumbered by armour. (ER -4) [demonic ancestry]
  4391 | D:5      | Reached XP level 7. HP: 53/55 MP: 7/7
  4415 | D:5      | Found a stormy altar of Qazlal.
  4415 | D:5      | Noticed Grinder
  4421 | D:5      | Paralysed by Grinder for 6 turns
  4461 | D:5      | Paralysed by Grinder for 6 turns
  4471 | D:5      | Paralysed by Grinder for 3 turns
  4474 | D:5      | Killed Grinder
  4535 | D:5      | Noticed Sigmund
  4543 | D:5      | Killed Sigmund
  4630 | D:5      | Reached skill level 6 in Unarmed Combat
  4654 | D:5      | Reached skill level 5 in Fighting
  4821 | D:5      | Reached skill level 5 in Armour
  4821 | D:5      | Gained mutation: Your movements are significantly less encumbered by armour. (ER -6) [demonic ancestry]
  4821 | D:5      | Reached XP level 8. HP: 49/62 MP: 8/8
  6006 | D:6      | Learned a level 1 spell: Magic Dart
  6035 | D:6      | Reached skill level 1 in Dodging
  6196 | D:7      | Noticed Tovarisch's ghost (novice DENe)
  6198 | D:7      | Reached skill level 1 in Conjurations
  6308 | D:7      | Found a staircase to the Ecumenical Temple.
  6322 | D:7      | Reached skill level 7 in Unarmed Combat
  6333 | Temple   | Entered the Ecumenical Temple
  6625 | D:7      | Found a bloodstained altar of Trog.
  7001 | D:7      | Learned a level 3 spell: Conjure Flame
  7307 | D:7      | Noticed Joseph
  7329 | D:7      | Gained mutation: You sometimes gain a little power by taking damage. [demonic ancestry]
  7329 | D:7      | Reached XP level 9. HP: 65/69 MP: 9/9
  7346 | D:7      | Killed Joseph
  7987 | D:8      | Noticed a two-headed ogre
  8014 | D:8      | Killed a two-headed ogre
  8628 | D:8      | Noticed Grum
  8741 | D:8      | Killed Grum
  8758 | D:8      | Reached skill level 8 in Unarmed Combat
  9392 | D:8      | Reached XP level 10. HP: 67/77 MP: 10/10
  9559 | D:8      | Reached skill level 5 in Conjurations
  9943 | D:9      | Reached skill level 1 in Spellcasting
 11138 | D:9      | Found a staircase to the Orcish Mines.
 11538 | D:10     | Entered Level 10 of the Dungeon
 11569 | D:10     | Found Zoiriaxi's Jewellery Boutique.
 11606 | D:10     | Found a staircase to the Lair.
 11815 | D:10     | Noticed a two-headed ogre
 11865 | D:9      | Killed a two-headed ogre
 12744 | D:10     | Noticed a soul eater
 12818 | D:10     | Noticed a gargoyle
 12853 | D:10     | Killed a gargoyle
 13230 | D:10     | Reached skill level 5 in Dodging
 13572 | Lair:1   | Entered Level 1 of the Lair of Beasts
 13626 | D:10     | HP: 2/79 [wolf (3)]
 13626 | D:10     | Slain by a wolf

Vault maps used:
D:1:      saegor_arrival_simple_d, serial_bayou_lagoon_a
D:2:      first_ration, serial_undead, serial_undead_e, serial_undead_e,
          serial_undead_e, serial_undead_b
D:3:      old_standard_altar, gammafunk_temple_overflow_pools,
          minmay_misc_feat_chi, led_sif_pool
D:4:      serial_park_tiny_2
D:5:      basic_altar, grunt_qazlal_clouds, uniq_grinder, uniq_sigmund
D:7:      nicolae_overflow_crystal_walls, minmay_temple_entry_statues_pillars,
          uniq_joseph
D:8:      blue_anna_alchemist, uniq_grum
D:9:      orc_0_dummy
D:10:     erik_lair_orcish_takeover, serial_shops, nicolae_shop_statue_plus
Temple:   eino_narrow_crystal_temple
Lair:1:   eino_small_chamber_without_monster, lemuel_fruit_tree

Skill      XL: |  1  2  3  4  5  6  7  8  9 10 |
---------------+-------------------------------+-----
Unarmed Combat | 3 4 5 6 7 8 |  8.5
Armour         | 2 3 5 6 7 |  7.5
Fighting       | 4 5 6 7 |  7.3
Dodging        | 2 4 5 |  5.0
Conjurations   | 2 4 6 |  6.5
Spellcasting   | 3 |  3.6
Short Blades   | |  0.3
Crossbows      | |  1.0
Shields        | |  1.0
Evocations     | |  1.0

Action                   |  1- 3 |  4- 6 |  7- 9 | 10-12 || total
-------------------------+-------+-------+-------+-------++-------
Melee: Unarmed           |   100 |       |       |   273 ||   373
       Dagger            |    44 |   280 |   435 |    26 ||   785
       Punch             |     1 |     3 |    16 |    10 ||    30
       Headbutt          |       |    43 |    80 |    57 ||   180
 Cast: Magic Dart        |       |       |    62 |    35 ||    97
       Conjure Flame     |       |       |       |     2 ||     2
  Use: Scroll            |       |       |     8 |     3 ||    11
       Potion            |       |       |     6 |     1 ||     7
 Stab: Distracted        |       |     1 |       |       ||     1
  Eat: Chunk             |       |    11 |    17 |    13 ||    41
       Ration            |       |       |     1 |     1 ||     2
Armor: Scale mail        |    62 |   133 |   223 |   134 ||   552
Dodge: Dodged            |    59 |   124 |   243 |   235 ||   661

Table legend:
 A = Spawn XP
 B = Non-spawn XP
 C = Spawn XP percentage of total XP
 D = Spawn monster count
 E = Non-spawn monster count
 F = Spawn count percentage of total count
 G = Total turns spent on level
                    A         B        C        D         E        F      G
               +---------+---------+-------+---------+---------+-------+---------
         Total |       0 |   10248 |   0.0 |       0 |     239 |   0.0 | 13626
               +---------+---------+-------+---------+---------+-------+---------
           D:1 |       0 |      40 |   0.0 |       0 |      24 |   0.0 |   743
           D:2 |       0 |     109 |   0.0 |       0 |      25 |   0.0 |   984
           D:3 |       0 |     226 |   0.0 |       0 |      27 |   0.0 |   936
           D:4 |       0 |     206 |   0.0 |       0 |      17 |   0.0 |  1569
           D:5 |       0 |     927 |   0.0 |       0 |      16 |   0.0 |   845
           D:6 |       0 |     792 |   0.0 |       0 |      20 |   0.0 |  1325
           D:7 |       0 |    1017 |   0.0 |       0 |      22 |   0.0 |  1353
           D:8 |       0 |    2749 |   0.0 |       0 |      44 |   0.0 |  1952
           D:9 |       0 |    2070 |   0.0 |       0 |      20 |   0.0 |  2575
          D:10 |       0 |    2112 |   0.0 |       0 |      24 |   0.0 |  1081
               +---------+---------+-------+---------+---------+-------+---------
